 Dungeon Crawl Stone Soup version 0.31-a0-1-g4198be8af4 (webtiles) character file.

Game seed: 4349634347452753293

14616 BigDaddyOpFi the Eye of the Storm (level 12, -7/97 HPs)
             Began as a Formicid Fighter on May 2, 2023.
             Was a Priest of Qazlal.
             Mangled by a ten-headed hydra (8 damage)
             ... on level 2 of the Lair of Beasts.
             The game lasted 00:13:58 (11770 turns).

BigDaddyOpFi the Eye of the Storm (FoFi)           Turns: 11770, Time: 00:13:59

Health: -7/97      AC: 19    Str: 31 (32) XL:     12   Next: 47%
Magic:  21/21      EV:  7    Int:  7 (8)  God:    Qazlal [***...]
Gold:   717        SH:  0    Dex: 17 (19) Spells: 11/11 levels left

rFire   . . .        a - +2 war axe
rCold   . . .        h - +4 kite shield of the Fiend {rPois Dex+6 SInv}
rNeg    . . .        j - +1 plate armour
rPois   +            (helmet unavailable)
rElec   +            x - scarf {+Inv}
rCorr   .            m - +0 pair of gloves
SInv    +            r - +1 pair of boots
Will    +....        e - amulet of regeneration Stlth
                     n - ring "Paestrue" {rElec rPois Str+6 SInv}
HPRegen 1.16/turn    l - ring of poison resistance
MPRegen 0.17/turn

%: no passive effects
@: confused, ambrosia-drunk, marked
A: permanent stasis, dig shafts and tunnels, antennae 3, four strong arms
a: Dig, Shaft Self, Renounce Religion, Evoke Invisibility, Upheaval, Elemental
Force


You were on level 2 of the Lair of Beasts.
You worshipped Qazlal.
Qazlal was most pleased with you.
You visited 3 branches of the dungeon, and saw 14 of its levels.

You collected 717 gold pieces.

Inventory:

Hand Weapons
 a - a +2 war axe (weapon)
Armour
 h - the +4 kite shield of the Fiend (worn) {rPois Dex+6 SInv}
   (You acquired it on level 2 of the Dungeon)

   Dex:       It affects your dexterity (+6).
   rPois:     It protects you from poison.
   SInv:      It lets you see invisible.
 j - a +1 plate armour (worn)
 m - a +0 pair of gloves (worn)
 r - a +1 pair of boots (worn)
 x - a scarf of invisibility (worn)
Jewellery
 e - an amulet of regeneration (around neck)
 l - a ring of poison resistance (right hand)
 n - the ring "Paestrue" (left hand) {rElec rPois Str+6 SInv}
   (You found it on level 7 of the Dungeon)

   [ring of strength]

   Str:       It affects your strength (+6).
   rElec:     It insulates you from electricity.
   rPois:     It protects you from poison.
   SInv:      It lets you see invisible.
Wands
 b - a wand of polymorph (27)
 u - a wand of digging (7)
 v - a wand of iceblast (9)
 w - a wand of charming (5)
 y - a wand of flame (4)
Scrolls
 k - 3 scrolls of blinking
 o - 2 scrolls of silence
 s - 2 scrolls of amnesia
Potions
 c - a potion of lignification
 d - 2 potions of cancellation
 f - a potion of magic
 g - 2 potions of mutation
 i - a potion of degeneration
 p - a potion of flight
 q - a potion of brilliance


   Skills:
 + Level 9.7 Fighting
 + Level 8.6 Axes
 + Level 9.6 Armour
 + Level 11.6 Shields
 * Level 12.1 Invocations


You had 11 spell levels left.
You didn't know any spells.
Your spell library contained the following spells:

 Spells                   Type           Power      Damage    Failure   Level
 Slow                     Hex            0%         N/A       99%         1
 Sting                    Tmut/Pois      0%         1d3       99%         1
 Ensorcelled Hibernation  Hex/Ice        0%         N/A       100%        2
 Passwall                 Tmut/Erth      0%         N/A       100%        2
 Poisonous Vapours        Pois/Air       0%         N/A       100%        2
 Confusing Touch          Hex            0%         N/A       100%        3
 Ignite Poison            Fire/Tmut/Pois 0%         N/A       100%        3
 Vampiric Draining        Necr           0%         2d6       100%        3
 Olgreb's Toxic Radiance  Pois           0%         N/A       100%        4
 Sticky Flame             Conj/Fire      0%         2d3       100%        4
 Summon Lightning Spire   Summ/Air       0%         N/A       100%        4
 Simulacrum               Ice/Necr       0%         N/A       100%        6
 Ozocubu's Refrigeration  Ice            0%         4d7       100%        7
 Storm Form               Tmut/Air       0%         N/A       100%        7
 Ignition                 Fire           0%         3d3       100%        8
 Maxwell's Capacitive Co  Air            0%         ∞         100%        8
 Polar Vortex             Ice            0%         N/A       100%        9
 Swiftness                Air            Unusable   N/A       N/A         3

Dungeon Overview and Level Annotations

Branches:
Dungeon (11/15)            Temple (1/1) D:4            Lair (2/5) D:9
  Swamp: Lair:2-3    Shoals: Lair:2-3     Snake: Lair:2-3    Spider: Lair:2-3
    Orc: D:9-12

Altars:
Cheibriados
Gozag
Kikubaaqudgha
Makhleb
Qazlal
Ru
Sif Muna
Uskayaw
Yredelemnul
Jiyva

Shops:
D:1 ?   D:8 =   D:9 *

Annotations:
D:8 1 runed translucent door
D:9 3 runed translucent doors, rinse's ghost, journeyman KoDe


Innate Abilities, Weirdness & Mutations

You cannot be hasted, slowed, berserked, paralysed or teleported.
You can dig through walls and to a lower floor.
You have a pair of large antennae on your head. (SInv)
Your four strong arms can wield two-handed weapons with a shield.


Message History

The ten-headed hydra closely misses you.
The ten-headed hydra bites you. The ten-headed hydra bites you!
The ten-headed hydra bites you but does no damage.
The ten-headed hydra bites you!
The ten-headed hydra bites you but does no damage.
The ten-headed hydra completely misses you.
The ten-headed hydra bites you.
The ten-headed hydra bites you but does no damage.
The ten-headed hydra closely misses you.
The bullfrog hits you but does no damage.
A bog body comes into view.
The ten-headed hydra bites you! The ten-headed hydra barely misses you.
The ten-headed hydra bites you.
The ten-headed hydra bites you but does no damage.
The ten-headed hydra bites you.
The ten-headed hydra bites you but does no damage.
The ten-headed hydra bites you.
The ten-headed hydra bites you but does no damage. x2
The ten-headed hydra bites you.
You bump into the rock wall.
The bullfrog barely misses you. x2
The ten-headed hydra closely misses you.
The ten-headed hydra bites you.
The ten-headed hydra bites you but does no damage.
The ten-headed hydra bites you.
* * * LOW HITPOINT WARNING * * *
The ten-headed hydra bites you.
* * * LOW HITPOINT WARNING * * *
The ten-headed hydra bites you but does no damage.
The ten-headed hydra barely misses you. The ten-headed hydra bites you.
* * * LOW HITPOINT WARNING * * *
The ten-headed hydra barely misses you.
The ten-headed hydra bites you but does no damage.
You are too confused!
Okay, then.
The bog body casts a spell at you. The bolt of cold hits you!!
* * * LOW HITPOINT WARNING * * *
The ten-headed hydra bites you but does no damage.
The ten-headed hydra bites you!
You die...

######## ### #
.##..#P#####.#######.##
....†..................
..................#
...##.#.####...#..#
...###### #####○F# ...#
#@D# ...# #.°nn# ...#
##...# .... #..... .
....... . .P#####.P# .
.. ..# ..# #.


You could see a ten-headed hydra, 2 bog bodies and a bullfrog.

Vanquished Creatures
  Gastronok (D:10)
  2 two-headed ogres
  Pikel (D:8)
  6 elephants
  A black mamba (Lair:1)
  Joseph (D:8)
  2 cane toads (Lair:2)
  2 komodo dragons (Lair:2)
  3 rime drakes (Lair:2)
  A troll (D:10)
  A polar bear (Lair:1)
  2 hornets
  4 blink frogs (Lair:1)
  A wyvern (Lair:2)
  Eustachio (D:4)
  6 yaks (D:9)
  2 basilisks (Lair:1)
  2 steam dragons
  2 acid dragons
  6 water moccasins
  3 ice beasts
  2 orc warriors (D:9)
  2 sky beasts (D:7)
  A black bear (D:6)
  3 ogres
  A centaur (D:6)
  A phantom (D:5)
  4 kobold brigands
  4 bullfrogs
  3 scorpions (D:4)
  7 wights
  5 killer bees
  2 howler monkeys
  4 orc priests
  2 hounds
  A jelly (D:6)
  A gnoll bouda (D:7)
  2 iguanas
  Jessica (D:3)
  13 orc wizards
  Robin (D:4)
  7 gnolls
  6 adders
  A white imp (D:7)
  3 ufetubi
  3 worms
  3 dart slugs
  30 orcs
  3 ball pythons
  A bat (D:2)
  5 endoplasms
  2 giant cockroaches (D:4)
  13 goblins
  14 hobgoblins
  6 jackals
  4 quokkas
  4 frilled lizards
  A jackal skeleton (D:8)
  25 kobolds
  7 rats
248 creatures vanquished.

Vanquished Creatures (others)
  An orc wizard (D:8)
  3 fungi
  8 plants
12 creatures vanquished.

Grand Total: 260 creatures vanquished

Notes
Turn   | Place    | Note
-------+----------+-------------------------------------------
     0 | D:1      | BigDaddyOpFi the Formicid Fighter began the quest for the
                  | Orb.
     0 | D:1      | Reached XP level 1. HP: 18/18 MP: 1/1
   132 | D:1      | Reached XP level 2. HP: 24/24 MP: 2/2
   417 | D:1      | Found Mugilos's Magic Scroll Boutique.
   955 | D:2      | You fall into a shaft and drop 1 floor!
   992 | D:3      | Reached XP level 3. HP: 29/29 MP: 3/3
  1083 | D:3      | Noticed Jessica
  1085 | D:3      | Killed Jessica
  1086 | D:3      | Reached XP level 4. HP: 37/37 MP: 4/4
  1610 | D:3      | Reached skill level 5 in Shields
  1610 | D:3      | Reached XP level 5. HP: 42/42 MP: 5/5
  1650 | D:4      | Noticed Eustachio
  1678 | D:4      | Killed Eustachio
  1679 | D:4      | Reached XP level 6. HP: 49/49 MP: 6/6
  1912 | D:4      | Noticed Robin
  1926 | D:4      | Killed Robin
  1955 | D:4      | Reached XP level 7. HP: 9/55 MP: 7/7
  1962 | D:4      | Reached skill level 5 in Fighting
  1962 | D:4      | Reached skill level 5 in Armour
  2236 | D:4      | Noticed a water moccasin
  2249 | D:4      | Killed a water moccasin
  2326 | D:4      | Reached XP level 8. HP: 27/63 MP: 8/8
  2465 | D:4      | Found a staircase to the Ecumenical Temple.
  2485 | Temple   | Entered the Ecumenical Temple
  2551 | Temple   | Became a worshipper of Qazlal Stormbringer
  3295 | D:2      | Identified a scroll of acquirement
  3295 | D:2      | Acquired the +4 kite shield of the Fiend {rPois Dex+6 SInv}
  3565 | D:5      | Entered Level 5 of the Dungeon
  3642 | D:5      | Reached skill level 1 in Invocations
  3729 | D:5      | Reached skill level 2 in Invocations
  3775 | D:5      | Reached skill level 5 in Axes
  4345 | D:6      | Reached skill level 3 in Invocations
  4479 | D:6      | Reached XP level 9. HP: 62/69 MP: 11/11
  4508 | D:6      | Reached * piety under Qazlal
  4509 | D:6      | Reached skill level 4 in Invocations
  4769 | D:6      | Reached skill level 5 in Invocations
  4931 | D:7      | Identified the ring "Paestrue" {rElec rPois Str+6 SInv}
  5369 | D:7      | Reached skill level 6 in Invocations
  5540 | D:8      | Found a runed translucent door.
  5546 | D:8      | Found a basalt altar of Yredelemnul.
  5591 | D:8      | Reached ** piety under Qazlal
  5938 | D:8      | Noticed Joseph
  5943 | D:8      | Reached XP level 10. HP: 56/79 MP: 13/15
  5960 | D:8      | Killed Joseph
  5961 | D:8      | Reached skill level 7 in Invocations
  6183 | D:8      | Noticed Pikel
  6196 | D:8      | Killed Pikel
  6213 | D:8      | Found Guaf Icw's Jewellery Emporium.
  6469 | D:9      | Reached skill level 8 in Invocations
  6489 | D:9      | Found a runed translucent gate.
  6489 | D:9      | Found a runed translucent gate.
  6489 | D:9      | Found a runed translucent gate.
  6493 | D:9      | Noticed rinse's ghost (journeyman KoDe)
  6518 | D:9      | Found a staircase to the Lair.
  6772 | D:9      | Found Vuafiacaza's Assorted Antiques.
  7181 | D:9      | Reached skill level 9 in Invocations
  7225 | D:9      | Noticed a two-headed ogre
  7235 | D:9      | Killed a two-headed ogre
  7236 | D:9      | Reached skill level 10 in Shields
  7236 | D:9      | Reached XP level 11. HP: 77/86 MP: 16/18
  7410 | D:9      | Found a viscous altar of Jiyva.
  7423 | D:10     | Entered Level 10 of the Dungeon
  7493 | D:10     | Noticed a two-headed ogre
  7505 | D:10     | Killed a two-headed ogre
  7762 | D:10     | Noticed Gastronok
  7776 | D:10     | Killed Gastronok
  7777 | D:10     | Reached skill level 10 in Invocations
  8104 | D:10     | Reached *** piety under Qazlal
  8390 | Lair:1   | Entered Level 1 of the Lair of Beasts
 10363 | Lair:2   | Noticed an elephant
 10363 | Lair:2   | Noticed an elephant
 10363 | Lair:2   | Noticed an elephant
 10363 | Lair:2   | Noticed an elephant
 10363 | Lair:2   | Noticed an elephant
 10364 | Lair:2   | Noticed an elephant
 10372 | Lair:1   | Killed an elephant
 10373 | Lair:1   | Reached skill level 11 in Invocations
 10491 | Lair:1   | Killed an elephant
 10492 | Lair:1   | Killed an elephant
 10493 | Lair:1   | Reached XP level 12. HP: 62/92 MP: 20/20
 11602 | Lair:2   | Reached skill level 12 in Invocations
 11760 | Lair:2   | Noticed an eight-headed hydra
 11770 | Lair:2   | HP: 1/97 [bog body/bolt of cold (26)]
 11770 | Lair:2   | Mangled by a ten-headed hydra

Illustrated notes

Levels and vault maps discovered:
D:1:      psy_arrival_fountain, layout_basic, serial_shops, shop
D:2:      layout_loops_corners, minmay_misc_feat_doors
D:3:      cheibrodos_helix_gallery, layout_loops_ring, uniq_jessica
D:4:      layout_loops_ring, temple_hall, uniq_robin, uniq_eustachio
D:5:      layout_cave_pods
D:6:      layout_basic, serial_rivers, chequers_serial_rivers_micro_d,
          chequers_serial_rivers_room_b, chequers_serial_rivers_micro_c,
          chequers_serial_rivers_micro_c
D:7:      nicolae_cairo_tiling_very_big, layout_cave_pools
D:8:      layout_basic, dk_yredelemnul_ordeal, serial_shops, shop,
          enter_ossuary_2, small_statue_intersection, uniq_pikel, uniq_joseph
D:9:      layout_loops_ring, lair_entry_dummy, gammafunk_ghost_ooze,
          serial_shops, nicolae_take_the_stairs, hangedman_decor_lopped
D:10:     layout_long_grid, uniq_gastronok
D:11:     layout_loops_cross, david_orc_3
Temple:   mainiacjoe_temple_hex_bubbles
Lair:1:   layout_loops_ring
Lair:2:   layout_chaotic_city, skrybe_swamp_entry_bodies, minivault_26,
          grunt_megastairs_3

Skill      XL: |  1  2  3  4  5  6  7  8  9 10 11 12 |
---------------+-------------------------------------+-----
Fighting       | 4 5 6 7 8 9 |  9.7
Armour         | 4 5 6 7 8 9 |  9.6
Axes           | 3 4 5 6 7 8 |  8.6
Shields        | 5 6 7 8 10 11 | 11.6
Invocations    | 3 6 9 11 12 | 12.1

Action                     |  1- 3 |  4- 6 |  7- 9 | 10-12 || total
---------------------------+-------+-------+-------+-------++-------
  Melee: War axe           |    58 |   110 |   332 |   427 ||   927
Ability: Evoke Invisibilit |       |       |       |     1 ||     1
    Use: Scroll            |     2 |     1 |     8 |     8 ||    19
         Potion            |       |     4 |     2 |     5 ||    11
 Armour: Scale mail        |    24 |     1 |       |       ||    25
         Chain mail        |       |    54 |    53 |       ||   107
         Skin              |       |    22 |       |       ||    22
         Plate armour      |       |       |   132 |   157 ||   289
  Dodge: Dodged            |    21 |    31 |   102 |    90 ||   244
  Block: Buckler           |    15 |    29 |    22 |       ||    66
         Kite shield       |       |       |   267 |   416 ||   683

Table legend: (Time is in decaauts)
 A = Elapsed time spent in this place.
 B = Non-inter-level travel time spent in this place.
 C = Inter-level travel time spent in this place.
 D = Time resting spent in this place.
 E = Time spent auto-exploring this place.
 F = Levels seen in this place.
 G = Mean time per level.
                   A        B        C        D        E       F      G
               +--------+--------+--------+--------+--------+-----+--------+
         Total |  12025 |  11425 |    600 |   2689 |   5984 |  14 |  858.9 |
       Dungeon |   8535 |   7962 |    573 |    593 |   5171 |  11 |  775.9 |
        Temple |     82 |     66 |     16 |      0 |     55 |   1 |   82.0 |
          Lair |   3408 |   3397 |     11 |   2096 |    758 |   2 | 1704.0 |
               +--------+--------+--------+--------+--------+-----+--------+

Top non-repeatable levels by time:
  Lair:1: 2878 daAuts
     D:4: 1076 daAuts
     D:8: 1043 daAuts
     D:9: 1027 daAuts
     D:1: 967 daAuts
    D:10: 953 daAuts
     D:2: 797 daAuts
     D:5: 774 daAuts
     D:3: 732 daAuts
     D:7: 593 daAuts
     D:6: 567 daAuts
  Lair:2: 529 daAuts
  Temple: 82 daAuts
    D:11: 1 daAuts
